Map: Shrines of Lizul

Players

TimeTwist

  • Race: Zerg Zerg
  • Spawn Location: 3:00

dallaskuken

  • Race: Protoss Protoss
  • League: Silver
  • Spawn Location: 12:00

FrogMint - Winner!

  • Race: Zerg Zerg
  • Spawn Location: 6:00

Loken - Winner!

  • Race: Zerg Zerg
  • Spawn Location: 9:00

VOD

Have the link to the VOD?

Description

Time

  • Played on: March 7, 2017, 5:58 p.m.
  • Length: 16:54
Show
View Real Time Build Order
Export as new Build Order

TimeTwist Zerg 

Build Orders: Pool First 

Get SALT Encoding   

  12  0:01  Drone  
  13  0:15  Extractor  
  13  0:17  Drone  
  13  0:18  Drone  
  14  0:24  Overlord  
  14  0:43  Spawning Pool  
  14  0:45  Drone  
  14  0:49  Drone  
  15  0:54  Drone  
  16  1:01  Drone  
  17  1:12  Drone  
  18  1:28  Overlord  
  18  1:30  Queen  
  20  1:33  Metabolic Boost  
  20  1:36  Zergling x2  
  21  1:45  Zergling x2  
  22  1:55  Zergling x2  
  23  2:05  Queen  
  25  2:18  Zergling x2  
  25  2:19  Drone  
  27  2:39  Zergling x2  
  27  2:40  Zergling x4  
  27  2:41  Overlord x2  
  29  2:55  Baneling Nest  
  29  2:56  Zergling x2  
  28  3:11  Zergling x6  
  28  3:12  Zergling x2  
  32  3:23  Hatchery, Drone  
  32  3:33  Drone  
  33  3:42  Baneling x3  
  33  3:43  Baneling  
  33  3:45  Baneling x2  
  33  3:48  Drone  
  33  3:49  Drone x3  
  29  4:13  Zergling x4  
  30  4:23  Roach Warren  
  29  4:35  Evolution Chamber  
  28  4:42  Spine Crawler  
  28  4:44  Zergling x4  
  28  4:45  Spine Crawler, Zergling x2  
  29  4:49  Evolution Chamber  
  28  4:53  Drone  
  28  4:54  Drone  
  30  5:07  Overlord  
  30  5:09  Roach x2  
  30  5:10  Drone  
  35  5:15  Queen  
  37  5:35  Lair  
  37  5:39  Extractor  
  37  5:42  Drone x3  
  39  5:53  Roach x3  
  39  5:55  Roach  
  47  6:08  Roach x2  
  47  6:09  Roach  
  53  6:12  Roach  
  55  6:21  Roach  
  55  6:22  Roach  
  58  6:31  Overlord x2  
  58  6:37  Drone  
  59  6:52  Zergling x4  
  59  6:53  Zergling x4  
  67  6:54  Roach x2  
  58  7:12  Zergling x12  
  58  7:13  Zergling x4  
  66  7:26  Drone  
  66  7:29  Overlord  
  67  7:38  Pneumatized Carapace  
  67  7:40  Overlord  
  67  7:47  Zerg Ground Armor Level 1  
  67  7:51  Drone  
  67  7:52  Drone x3  
  71  8:01  Drone x4  
  71  8:03  Glial Reconstitution  
  75  8:22  Extractor  
  75  8:23  Drone x5  
  75  8:24  Drone, Extractor  
  79  8:27  Hatchery  
  78  8:45  Infestation Pit  
  77  8:50  Roach  
  77  8:51  Roach x2, Overlord  
  77  8:52  Overlord x2  
  83  9:12  Roach x6  
  83  9:13  Roach x2  
  99  9:22  Pathogen Glands  
  99  9:34  Baneling x5  
  99  9:35  Baneling  
  99  9:40  Baneling x2  
  99  9:43  Baneling  
  99  9:48  Baneling x2  
  99  9:50  Baneling  
  99  10:00  Spore Crawler  
  99  10:03  Spore Crawler  
  99  10:05  Roach x3  
  99  10:06  Roach x4  
  111  10:07  Overlord x2  
  111  10:08  Overlord x2  
  111  10:15  Queen  
  111  10:19  Drone  
  114  10:32  Infestor x2  
  118  10:37  Drone x2  
  118  10:38  Drone  
  118  10:39  Drone x4  
  125  10:44  Drone x2  
  125  10:45  Drone  
  128  10:53  Infestor  
  130  10:57  Extractor  
  130  11:00  Infestor, Extractor  
  130  11:10  Roach x2  
  130  11:11  Roach x2, Overlord  
  138  11:12  Overlord  
  138  11:33  Overseer  
  97  12:00  Ravager  
  64  12:03  Roach x6  
  64  12:04  Roach x5  
  74  12:14  Spore Crawler  
  72  12:20  Spore Crawler  
  67  12:51  Queen, Drone x3  
  67  12:53  Drone  
  67  12:54  Drone x5  
  67  12:57  Drone x3  
  79  13:01  Hatchery  
  79  13:02  Spore Crawler  
  79  13:04  Spore Crawler  
  71  13:14  Zergling x2  
  71  13:15  Zergling x6  
  71  13:31  Zergling x2  
  71  13:32  Zergling x12  
  80  13:38  Hive  
  78  13:51  Hydralisk Den  
  74  14:21  Muscular Augments  
  74  14:25  Hydralisk x4  
  74  14:26  Hydralisk x7  
  73  14:49  Roach x3  
  73  14:50  Roach x3  
  73  14:51  Zergling x12  
  87  15:21  Roach x4  
  87  15:22  Roach x4  
  98  15:42  Infestor  
  98  15:46  Overlord x2  
  100  15:55  Drone x4  
  104  16:00  Roach x2  
  104  16:01  Roach x5  
  118  16:05  Overlord x2  
  118  16:12  Infestor x2  
  118  16:13  Infestor x3  
Show
View Real Time Build Order
Export as new Build Order

dallaskuken Protoss 

Build Orders:  

Get SALT Encoding   

  12  0:01  Probe (Chrono Boost)  
  13  0:12  Probe (Chrono Boost)  
  14  0:22  Probe (Chrono Boost)  
  15  0:29  Pylon  
  15  0:47  Probe (Chrono Boost)  
  16  0:58  Probe (Chrono Boost)  
  16  1:02  Gateway  
  17  1:04  Pylon  
  17  1:08  Probe (Chrono Boost)  
  18  1:26  Probe (Chrono Boost)  
  18  1:32  Assimilator  
  19  1:36  Probe (Chrono Boost)  
  20  1:47  Probe (Chrono Boost)  
  20  1:49  Cybernetics Core  
  21  1:57  Probe (Chrono Boost)  
  21  1:58  Gateway  
  21  2:00  Zealot  
  24  2:07  Pylon  
  24  2:09  Probe (Chrono Boost)  
  24  2:10  Pylon  
  25  2:17  Assimilator  
  25  2:19  Probe (Chrono Boost)  
  26  2:24  Warp Gate  
  26  2:36  Probe (Chrono Boost)  
  27  2:48  Probe (Chrono Boost)  
  28  2:59  Mothership Core (Chrono Boost)  
  30  3:37  Stalker  
  30  3:39  Stalker  
  34  3:50  Gateway  
  34  3:51  Gateway  
  34  4:00  Gateway  
  34  4:02  Pylon  
  34  4:07  Sentry  
  36  4:27  Probe (Chrono Boost)  
  38  4:39  Probe (Chrono Boost)  
  38  4:53  Adept x2  
  38  4:54  Adept x2  
  38  4:55  Adept  
  48  5:17  Zealot  
  48  5:18  Zealot x2  
  50  5:29  Pylon  
  50  5:31  Pylon  
  40  5:42  Stalker x3  
  43  5:43  Stalker x2  
  47  6:00  Forge  
  47  6:08  Pylon  
  47  6:09  Pylon  
  47  6:11  Stalker  
  47  6:12  Stalker  
  47  6:13  Stalker x3  
  57  6:27  Protoss Ground Weapons Level 1  
  57  6:39  Robotics Facility  
  57  6:42  Stalker  
  57  6:43  Stalker x2  
  57  6:45  Stalker  
  65  7:14  Stalker x3  
  71  7:27  Immortal  
  75  7:57  Nexus  
  75  8:06  Probe (Chrono Boost)  
  76  8:17  Pylon, Probe (Chrono Boost)  
  77  8:27  Probe (Chrono Boost)  
  78  8:38  Probe (Chrono Boost)  
  79  9:01  Robotics Bay  
  79  9:09  Assimilator  
  79  9:11  Assimilator  
  79  9:15  Pylon  
  79  9:33  Stalker  
  79  9:34  Stalker x2  
  85  9:48  Probe (Chrono Boost)  
  86  9:58  Pylon, Probe (Chrono Boost)  
  79  10:09  Probe (Chrono Boost)  
  80  10:19  Probe (Chrono Boost)  
  81  10:21  Colossus  
  87  10:35  Probe (Chrono Boost)  
  88  10:45  Extended Thermal Lance, Probe (Chrono Boost)  
  89  10:56  Probe (Chrono Boost)  
  90  11:02  Protoss Shields Level 1  
  90  11:06  Stalker, Probe (Chrono Boost)  
  93  11:15  Sentry x2  
  93  11:16  Sentry  
  93  11:17  Probe (Chrono Boost)  
  64  12:17  Stalker  
  64  12:18  Stalker x4  
  70  12:46  Disruptor  
  45  13:15  Stalker x5  
  55  13:22  Colossus  
  55  13:23  Gateway  
  55  13:25  Gateway  
  61  13:27  Gateway  
  61  13:52  Protoss Ground Armor Level 1  
  61  14:01  Stalker x2  
  61  14:02  Stalker  
  67  14:23  Stalker x5  
  77  14:55  Stalker  
  77  14:56  Stalker x4  
  64  15:17  Stalker  
  52  15:27  Stalker x2  
  52  15:28  Stalker  
  50  15:37  Stalker x2  
  53  16:12  Stalker  
  53  16:13  Stalker x3  
  53  16:15  Stalker x2  
Show
View Real Time Build Order
Export as new Build Order

FrogMint Zerg - Winner!

Build Orders: Pool First 

Get SALT Encoding   

  12  0:08  Overlord  
  12  0:13  Drone  
  13  0:18  Drone  
  14  0:37  Spawning Pool  
  13  0:43  Drone x2  
  13  0:48  Drone  
  16  0:56  Drone  
  17  1:01  Extractor  
  16  1:13  Drone  
  17  1:25  Drone  
  17  1:29  Hatchery  
  17  1:36  Queen  
  19  1:40  Drone  
  20  1:48  Overlord  
  20  1:52  Drone  
  21  2:05  Zergling x2  
  21  2:07  Metabolic Boost  
  22  2:10  Drone  
  23  2:23  Drone  
  24  2:49  Drone x2  
  24  2:50  Drone  
  27  3:03  Drone x2  
  27  3:04  Queen  
  31  3:13  Extractor  
  31  3:14  Lair  
  30  3:31  Roach Warren  
  30  3:33  Drone  
  30  3:34  Drone x2  
  32  3:40  Queen  
  34  3:44  Zergling x4  
  34  3:47  Overlord x3  
  34  3:48  Overlord  
  31  4:24  Drone  
  31  4:25  Roach x2  
  31  4:26  Roach x3  
  41  4:49  Hydralisk Den  
  40  4:56  Glial Reconstitution  
  40  5:01  Drone  
  40  5:02  Drone x2  
  40  5:03  Drone x2, Overlord  
  40  5:06  Drone x4  
  40  5:07  Drone  
  50  5:30  Muscular Augments  
  50  5:31  Hydralisk x2  
  50  5:32  Hydralisk  
  56  5:36  Extractor  
  56  5:39  Extractor  
  54  6:04  Hydralisk x3  
  54  6:05  Hydralisk  
  62  6:18  Hatchery  
  61  6:33  Overlord, Hydralisk x3  
  67  6:44  Hydralisk  
  67  6:45  Overlord x3  
  69  6:55  Drone  
  70  7:04  Hydralisk x3  
  68  7:10  Hydralisk  
  68  7:11  Hydralisk  
  72  7:20  Hydralisk  
  72  7:21  Hydralisk  
  76  7:27  Drone x3  
  79  7:31  Queen  
  81  7:39  Overlord x2  
  81  7:40  Drone  
  81  7:41  Drone  
  83  7:56  Overseer x2  
  83  8:00  Hydralisk x2  
  87  8:07  Queen  
  87  8:10  Infestation Pit  
  88  8:16  Extractor  
  88  8:17  Drone x2  
  88  8:18  Drone x3, Overlord, Extractor  
  91  8:32  Drone  
  91  8:33  Drone x5  
  97  8:39  Pneumatized Carapace  
  97  8:50  Hydralisk x2  
  97  8:51  Infestor  
  103  9:21  Hatchery  
  102  9:37  Infestor x3  
  102  9:38  Infestor x2  
  112  9:39  Hydralisk x2  
  116  10:10  Neural Parasite  
  116  10:16  Drone  
  117  10:41  Hive  
  117  10:47  Queen  
  117  10:49  Drone x2  
  121  10:58  Drone  
  121  10:59  Overlord  
  121  11:00  Overlord x4  
  121  11:01  Overlord  
  122  11:09  Hatchery  
  121  11:15  Hydralisk  
  121  11:16  Hydralisk x10  
  143  11:20  Overlord x2  
  143  11:29  Pathogen Glands  
  113  12:00  Hydralisk  
  113  12:01  Hydralisk x9  
  89  12:09  Hydralisk x2  
  89  12:11  Zergling x4  
  76  12:42  Hydralisk  
  76  12:43  Roach  
  72  12:44  Zergling x2, Hydralisk x4  
  72  12:45  Hydralisk x2  
  70  13:29  Viper  
  70  13:33  Ultralisk Cavern  
  72  13:35  Queen  
  72  13:39  Drone x2  
  72  13:40  Drone  
  77  14:10  Zergling x2  
  77  14:11  Zergling x34  
  95  14:33  Ultralisk x4  
  100  15:10  Ultralisk  
  100  15:11  Ultralisk x2  
  109  15:28  Viper  
  105  15:29  Ultralisk  
  111  15:42  Drone x2  
  113  15:52  Hatchery  
  112  16:00  Ultralisk  
  118  16:13  Drone x3  
Show
View Real Time Build Order
Export as new Build Order

Loken Zerg - Winner!

Build Orders: Pool First 

Get SALT Encoding   

  12  0:01  Drone  
  13  0:13  Overlord  
  13  0:18  Drone  
  14  0:32  Extractor  
  14  0:33  Drone x2  
  15  0:46  Spawning Pool  
  15  0:49  Drone  
  15  0:53  Drone  
  16  1:02  Drone  
  17  1:16  Drone  
  18  1:21  Overlord  
  18  1:33  Queen  
  20  1:43  Spine Crawler  
  20  1:44  Drone x2  
  21  1:48  Spine Crawler  
  20  2:00  Roach Warren  
  19  2:02  Drone  
  20  2:23  Queen  
  22  2:44  Roach x3  
  22  2:45  Roach, Overlord  
  22  2:49  Overlord  
  30  3:20  Roach x2  
  30  3:21  Roach x3  
  40  3:38  Lair  
  40  4:20  Roach  
  40  4:21  Roach x2  
  40  4:23  Overlord x3  
  46  4:27  Extractor  
  45  4:43  Hatchery  
  44  5:06  Drone  
  45  5:07  Drone x5  
  50  5:44  Spire  
  50  5:45  Glial Reconstitution  
  49  5:55  Drone  
  49  5:56  Drone x3  
  53  6:31  Roach x4  
  53  6:32  Roach  
  63  6:46  Drone  
  64  6:47  Drone x3  
  67  6:59  Drone  
  67  7:00  Drone x4  
  66  7:21  Mutalisk x3  
  72  7:32  Zergling x2  
  72  7:33  Zergling x6  
  72  7:34  Overlord x2  
  72  7:35  Metabolic Boost  
  76  8:00  Mutalisk x2  
  76  8:02  Mutalisk  
  76  8:03  Zergling x10  
  87  8:13  Extractor  
  87  8:16  Extractor  
  85  8:24  Zergling x2  
  85  8:25  Zergling x10  
  91  8:31  Infestation Pit  
  90  8:45  Pneumatized Carapace  
  90  8:49  Overseer  
  90  9:06  Zergling x2  
  90  9:07  Zergling x2  
  90  9:09  Overlord  
  92  9:10  Overlord x4  
  92  9:37  Zergling x2  
  92  9:38  Zergling x16  
  101  9:46  Hatchery  
  101  9:49  Hatchery  
  99  10:11  Hive  
  99  10:19  Mutalisk x5  
  109  10:33  Tunneling Claws  
  109  10:51  Zergling x20  
  109  10:52  Zergling x6  
  122  11:23  Adrenal Glands  
  122  11:27  Overlord  
  122  11:28  Overlord x5  
  122  11:29  Overlord  
  45  12:17  Mutalisk  
  45  12:18  Mutalisk x8  
  63  12:57  Zergling x2  
  63  12:58  Zergling x26  
  73  13:25  Zergling x16  
  71  14:22  Mutalisk x10  
  71  14:23  Mutalisk x2  
  95  14:26  Zergling x2  
  95  14:27  Zergling x16  
  82  15:54  Zergling x24  
  94  16:22  Hatchery  
  85  16:33  Hatchery  
Tags
 
Add a new tag
Caveats
  • Supply blocks, unpowered buildings, or Contaminate may cause inaccurate times.
  • Supply counts are checked every 10 seconds.